ST. LOUIS Blues vs ARIZONA Coyotes

Created - 29 avril 2024 at 14:02

Goals
1 2 3 T
ST. LOUIS Blues 4 1 0 5
ARIZONA Coyotes 2 0 1 3
Shots
1 2 3 T
ST. LOUIS Blues 14 11 13 38
ARIZONA Coyotes 11 12 13 36

1st period

1. ARIZONA Coyotes , Ryan Nugent-Hopkins 1 (Rickard Rakell 1, Roman Josi 1) at 4:57 (PP)
2. ST. LOUIS Blues , Roope Hintz 1 (Damon Severson 1, Calle Jarnkrok 1) at 6:24
3. ST. LOUIS Blues , Oliver Bjorkstrand 1 (Colin Miller 1, Erik Haula 1) at 7:00
4. ARIZONA Coyotes , Vladislav Gavrikov 1 (Artemi Panarin 1, Roman Josi 2) at 12:20
5. ST. LOUIS Blues , Erik Haula 1 (Erik Karlsson 1, Brandon Tanev 1) at 14:53 (PP)
6. ST. LOUIS Blues , Jonathan Marchessault 1 (Roope Hintz 1, Gustav Forsling 1) at 15:56

Penalties :
Damon Severson (STL) for Holding (Minor) at 3:35, Damon Severson (STL) for Cross-checking (Minor) at 7:33, Alec Martinez (ARI) for Tripping (Minor) at 12:55

2nd period

7. ST. LOUIS Blues , Jack Roslovic 1 (Kevin Labanc 1, Erik Karlsson 2) at 3:18

Penalties :
Mikey Anderson (ARI) for High sticking (Minor) at 6:15, Artemi Panarin (ARI) for Roughing (Minor) at 13:20, Sam Reinhart (ARI) for Interference (Minor) at 19:32

3rd period

8. ARIZONA Coyotes , Ryan Hartman 1 (Michael Bunting 1, Frederick Gaudreau 1) at 11:45

Penalties :
Jonas Siegenthaler (ARI) for Hooking (Minor) at 13:57

Goalie Stats

Marc-Andre Fleury (STL), 33 saves from 36 shots - (0,917), W, 1-0-0, 60:00 minutes
Andrei Vasilevskiy (ARI), 10 saves from 15 shots - (0,667), L, 0-1-0, 23:18 minutes
Kevin Lankinen (ARI), 23 saves from 23 shots - (1,000), 36:42 minutes

Players Stats for ST. LOUIS Blues

Player Name              G  A  P  +/- PIM S  H  SB GA TA FO     MP     PP MP  PK MP  
------------------------------------------------------------------------------------
Brandon Tanev            0  1  1   0  0   2  3  1  0  0  0/1    25:37   5:10   0:00 
Calle Jarnkrok           0  1  1   1  0   0  0  1  0  0  0/0    21:35   4:44   0:03 
Colin Miller             0  1  1  -1  0   0  5  0  0  0  0/0    12:56   0:00   1:19 
Damon Severson           0  1  1   1  4   0  2  2  0  0  0/0    19:54   4:56   0:00 
Erik Brannstrom          0  0  0   0  0   0  1  0  0  0  0/0     2:12   0:00   0:00 
Erik Gustafsson          0  0  0   1  0   2  1  1  0  0  0/0    21:15   4:56   1:19 
Erik Haula               1  1  2   0  0   7  1  0  0  0  19/33  21:48   5:10   1:19 
Erik Karlsson            0  2  2   2  0   1  2  1  0  0  0/0    27:08   4:58   2:02 
Evgeny Kuznetsov         0  0  0   0  0   1  0  0  0  0  7/10    5:53   0:00   0:00 
Gustav Forsling          0  1  1   2  0   4  1  1  0  0  0/0    24:56   4:58   2:02 
Jack Roslovic            1  0  1   1  0   3  0  0  0  0  7/16   15:23   0:00   0:00 
Jonathan Marchessault    1  0  1   1  0   4  3  0  0  0  2/2    22:49   4:44   2:02 
Kevin Labanc             0  1  1   1  0   1  3  0  0  0  0/0     9:30   0:00   0:00 
Marcus Johansson         0  0  0   1  0   3  2  1  0  0  0/0     9:30   0:00   0:00 
Oliver Bjorkstrand       1  0  1   0  0   3  1  0  0  0  1/2    21:45   5:10   1:16 
Oscar Klefbom            0  0  0  -1  0   0  1  1  0  0  0/0    11:37   0:00   0:00 
Robby Fabbri             0  0  0   0  0   0  0  0  0  0  0/0     0:00   0:00   0:00 
Roope Hintz              1  1  2   1  0   7  1  0  0  0  10/32  22:49   4:44   2:02 

Players Stats for ARIZONA Coyotes

Player Name              G  A  P  +/- PIM S  H  SB GA TA FO     MP     PP MP  PK MP  
------------------------------------------------------------------------------------
Alec Martinez            0  0  0   0  2   3  1  2  0  0  0/0    18:45   0:00   3:42 
Artemi Panarin           0  1  1  -1  2   3  3  1  0  0  1/2    19:38   1:52   0:00 
Auston Matthews          0  0  0  -1  0   3  3  0  0  0  14/31  20:01   1:52   0:22 
Brandon Sutter           0  0  0  -1  0   0  0  1  0  0  14/20  10:19   0:00   7:07 
Frederick Gaudreau       0  1  1   0  0   1  0  0  0  0  9/20   12:05   0:00   3:10 
Jonas Siegenthaler       0  0  0   0  2   0  1  0  0  0  0/0    18:50   0:00   3:47 
Mark Scheifele           0  0  0   0  0   4  1  0  0  0  11/22  18:20   1:29   0:00 
Michael Bunting          0  1  1   0  0   1  2  0  0  0  0/0     8:55   0:00   0:00 
Mikey Anderson           0  0  0  -1  2   1  0  0  0  0  0/0    13:31   0:00   0:00 
Nick Bonino              0  0  0  -1  0   0  0  0  0  0  0/0     5:00   0:00   1:48 
Pierre-Edouard Bellemare 0  0  0  -1  0   1  0  0  0  0  0/0     3:12   0:00   0:00 
Rickard Rakell           0  1  1   0  0   0  1  0  0  0  1/1    18:53   1:29   0:33 
Roman Josi               0  2  2  -1  0   5  3  1  0  0  0/0    20:35   1:50   0:36 
Ryan Hartman             1  0  1   0  0   3  0  0  0  0  0/0    10:24   1:29   0:00 
Ryan Nugent-Hopkins      1  0  1   0  0   4  5  0  0  0  0/0    25:29   1:50   6:48 
Sam Reinhart             0  0  0  -1  2   4  0  0  0  0  0/0    19:38   1:52   0:00 
Scott Mayfield           0  0  0  -1  0   1  1  0  0  0  0/0    20:27   1:31   5:24 
Vladislav Gavrikov       1  0  1  -1  0   2  1  2  0  0  0/0    25:59   1:31   6:19 

3 Stars

1 - Roope Hintz (STL)
2 - Erik Karlsson (STL)
3 - Erik Haula (STL)

Power Play

ST. LOUIS Blues - 1 on 5 Attempt(s) - 20,00%
ARIZONA Coyotes - 1 on 2 Attempt(s) - 50,00%

Penalty Kill

ST. LOUIS Blues - 1 on 2 Attempt(s) - 50,00% - Score 0 goal in Penalty Kill
ARIZONA Coyotes - 4 on 5 Attempt(s) - 80,00% - Score 0 goal in Penalty Kill

Team Stat

ST. LOUIS Blues - Hits : 27 - Faceoff Wins : 46 - Blocked Shots : 9 - Penalty Minutes : 4
ARIZONA Coyotes - Hits : 22 - Faceoff Wins : 50 - Blocked Shots : 7 - Penalty Minutes : 10

Official

Referees : François St-Laurent and Gord Dwyer
Linesman : Steve Barton and Kory Nagy

Game Notes

Kevin Lankinen enters game at 3:18 of 2nd period

Finance

Level 1 -- Attendance: 6336 (90,51%) -- Ticket Income $595,584
Level 2 -- Attendance: 5340 (89,00%) -- Ticket Income $288,360
Level 3 -- Attendance: 2871 (71,78%) -- Ticket Income $68,904
Level 4 -- Attendance: 4580 (76,33%) -- Ticket Income $64,120
Luxury Box -- Attendance: 1000 (100,00%) -- Ticket Income $154,000
Game was played at the Gila River Arena.
Total Attendance: 20127 (83,86%)
Total Ticket Income: $1,170,968
Other Income: $292,742
Total Income: $1,463,710

ST. LOUIS Blues

5 vs 5 Forward 
   Center                   Left Wing                Right Wing               Time % Phy DF OF 
 1 Roope Hintz              Jonathan Marchessault    Calle Jarnkrok           35     1   2  2  
 2 Erik Haula               Oliver Bjorkstrand       Brandon Tanev            35     1   2  2  
 3 Evgeny Kuznetsov         Brandon Tanev            Jack Roslovic            20     1   2  2  
 4 Jack Roslovic            Marcus Johansson         Kevin Labanc             10     1   2  2  

5 vs 5 Defense 
   Defense                  Defense                                           Time % Phy DF OF 
 1 Erik Karlsson            Gustav Forsling                                   40     1   2  2  
 2 Damon Severson           Erik Gustafsson                                   30     1   2  2  
 3 Colin Miller             Oscar Klefbom                                     20     1   2  2  
 4 Erik Brannstrom          Erik Karlsson                                     10     1   2  2  

PowerPlay Forward 
   Center                   Left Wing                Right Wing               Time % Phy DF OF 
 1 Roope Hintz              Jonathan Marchessault    Calle Jarnkrok           60     1   2  2  
 2 Erik Haula               Oliver Bjorkstrand       Brandon Tanev            40     1   2  2  

PowerPlay Defense
   Defense                  Defense                                           Time % Phy DF OF 
 1 Erik Karlsson            Gustav Forsling                                   60     1   2  2  
 2 Damon Severson           Erik Gustafsson                                   40     1   2  2  

Penalty Kill 4 Players Forward 
   Center                   Wing                     Time % Phy DF OF 
 1 Roope Hintz              Jonathan Marchessault    60     1   2  2  
 2 Erik Haula               Oliver Bjorkstrand       40     1   2  2  

Penalty Kill 4 Players Defense
   Defense                  Defense                  Time % Phy DF OF 
 1 Erik Karlsson            Gustav Forsling          60     1   2  2  
 2 Damon Severson           Erik Gustafsson          40     1   2  2  

Penalty Kill - 3 Players Forward 
   Forward                                           Time % Phy DF OF 
 1 Roope Hintz                                       60     1   2  2  
 2 Erik Haula                                        40     1   2  2  

Penalty Kill - 3 Players Defense
   Defense                  Defense                  Time % Phy DF OF 
 1 Erik Karlsson            Gustav Forsling          60     1   2  2  
 2 Damon Severson           Erik Gustafsson          40     1   2  2  

4 vs 4 Forward 
   Center                   Wing                     Time % Phy DF OF 
 1 Roope Hintz              Jonathan Marchessault    60     1   2  2  
 2 Erik Haula               Oliver Bjorkstrand       40     1   2  2  

4 vs 4 Defense
   Defense                  Defense                  Time % Phy DF OF 
 1 Erik Karlsson            Gustav Forsling          60     1   2  2  
 2 Damon Severson           Erik Gustafsson          40     1   2  2  

Last Minutes Offensive
   Center                   Left Wing                Right Wing               Defense                  Defense                  
   Roope Hintz              Jonathan Marchessault    Calle Jarnkrok           Erik Karlsson            Gustav Forsling          

Last Minutes Defensive
   Center                   Left Wing                Right Wing               Defense                  Defense                  
   Roope Hintz              Jonathan Marchessault    Calle Jarnkrok           Erik Karlsson            Gustav Forsling          

Goaltenders
Starting : Marc-Andre Fleury        
Backup : Filip Gustavsson         

Extra Forwards
Normal : Calle Jarnkrok, Evgeny Kuznetsov, Brandon Tanev - PP : Calle Jarnkrok, Evgeny Kuznetsov - PK : Calle Jarnkrok
Extra Defensemen
Normal : Colin Miller, Oscar Klefbom, Erik Brannstrom - PP : Colin Miller - PK : Colin Miller, Oscar Klefbom
Penalty Shots
Roope Hintz, Jonathan Marchessault, Oliver Bjorkstrand, Erik Haula, Calle Jarnkrok

Scratches
None

ARIZONA Coyotes

5 vs 5 Forward 
   Center                   Left Wing                Right Wing               Time % Phy DF OF 
 1 Auston Matthews          Artemi Panarin           Sam Reinhart             40     1   1  3  
 2 Mark Scheifele           Ryan Nugent-Hopkins      Rickard Rakell           35     1   1  3  
 3 Frederick Gaudreau       Michael Bunting          Ryan Hartman             20     1   2  2  
 4 Brandon Sutter           Nick Bonino              Pierre-Edouard Bellemare 5      1   3  1  

5 vs 5 Defense 
   Defense                  Defense                                           Time % Phy DF OF 
 1 Roman Josi               Vladislav Gavrikov                                43     1   2  2  
 2 Alec Martinez            Jonas Siegenthaler                                30     1   2  2  
 3 Scott Mayfield           Mikey Anderson                                    25     1   3  1  
 4 Roman Josi               Scott Mayfield                                    2      1   2  2  

PowerPlay Forward 
   Center                   Left Wing                Right Wing               Time % Phy DF OF 
 1 Auston Matthews          Artemi Panarin           Sam Reinhart             65     0   1  4  
 2 Mark Scheifele           Rickard Rakell           Ryan Hartman             35     1   1  3  

PowerPlay Defense
   Defense                  Defense                                           Time % Phy DF OF 
 1 Roman Josi               Ryan Nugent-Hopkins                               65     0   2  3  
 2 Scott Mayfield           Vladislav Gavrikov                                35     1   1  3  

Penalty Kill 4 Players Forward 
   Center                   Wing                     Time % Phy DF OF 
 1 Brandon Sutter           Ryan Nugent-Hopkins      65     0   4  1  
 2 Frederick Gaudreau       Nick Bonino              35     1   4  0  

Penalty Kill 4 Players Defense
   Defense                  Defense                  Time % Phy DF OF 
 1 Vladislav Gavrikov       Jonas Siegenthaler       60     1   3  1  
 2 Scott Mayfield           Alec Martinez            40     2   3  0  

Penalty Kill - 3 Players Forward 
   Forward                                           Time % Phy DF OF 
 1 Brandon Sutter                                    60     1   4  0  
 2 Frederick Gaudreau                                40     1   3  1  

Penalty Kill - 3 Players Defense
   Defense                  Defense                  Time % Phy DF OF 
 1 Scott Mayfield           Alec Martinez            60     2   3  0  
 2 Scott Mayfield           Jonas Siegenthaler       40     2   3  0  

4 vs 4 Forward 
   Center                   Wing                     Time % Phy DF OF 
 1 Auston Matthews          Ryan Nugent-Hopkins      60     1   2  2  
 2 Mark Scheifele           Artemi Panarin           40     1   2  2  

4 vs 4 Defense
   Defense                  Defense                  Time % Phy DF OF 
 1 Roman Josi               Scott Mayfield           60     1   2  2  
 2 Alec Martinez            Jonas Siegenthaler       40     1   2  2  

Last Minutes Offensive
   Center                   Left Wing                Right Wing               Defense                  Defense                  
   Auston Matthews          Artemi Panarin           Sam Reinhart             Roman Josi               Ryan Nugent-Hopkins      

Last Minutes Defensive
   Center                   Left Wing                Right Wing               Defense                  Defense                  
   Brandon Sutter           Frederick Gaudreau       Pierre-Edouard Bellemare Vladislav Gavrikov       Alec Martinez            

Goaltenders
Starting : Andrei Vasilevskiy       
Backup : Kevin Lankinen           

Extra Forwards
Normal : Michael Bunting, Artemi Panarin, Frederick Gaudreau - PP : Michael Bunting, Artemi Panarin - PK : Frederick Gaudreau
Extra Defensemen
Normal : Mikey Anderson, Vladislav Gavrikov, Alec Martinez - PP : Mikey Anderson - PK : Vladislav Gavrikov, Alec Martinez
Penalty Shots
Auston Matthews, Ryan Nugent-Hopkins, Mark Scheifele, Sam Reinhart, Rickard Rakell

Scratches
Morgan Frost (Healthy)

% Time on Ice - ST. LOUIS Blues

Lines # - Real PCT - Wanted PCT - Time Play
Normal Forward
1 - 34% - 35% - 16:03
2 - 33% - 35% - 15:19
3 - 13% - 20% - 5:53
4 - 20% - 10% - 9:30
Normal Defense
1 - 38% - 40% - 17:56
2 - 32% - 30% - 15:00
3 - 25% - 20% - 11:37
4 - 5% - 10% - 2:12
PP Forward
1 - 48% - 60% - 4:44
2 - 52% - 40% - 5:10
PP Defense
1 - 50% - 60% - 4:58
2 - 50% - 40% - 4:56
PK Forward
1 - 62% - 60% - 2:05
2 - 38% - 40% - 1:16
PK Defense
1 - 61% - 60% - 2:02
2 - 39% - 40% - 1:19
PK3 Forward
1 - 0% - 60%
2 - 0% - 40%
PK3 Defense
1 - 0% - 60%
2 - 0% - 40%
44 Forward
1 - 0% - 60%
2 - 0% - 40%
44 Defense
1 - 0% - 60%
2 - 0% - 40%
Last Minute Offensive  - 0:00
Last Minute Defensive  - 0:00
Total
Forward - 60:00
Defense - 60:00

% Time on Ice - ARIZONA Coyotes

Lines # - Real PCT - Wanted PCT - Time Play
Normal Forward
1 - 38% - 40% - 17:47
2 - 36% - 35% - 16:51
3 - 19% - 20% - 8:55
4 - 7% - 5% - 3:12
Normal Defense
1 - 39% - 43% - 18:09
2 - 32% - 30% - 15:04
3 - 29% - 25% - 13:32
4 - 0% - 2% - 0:00
PP Forward
1 - 56% - 65% - 1:52
2 - 44% - 35% - 1:29
PP Defense
1 - 55% - 65% - 1:50
2 - 45% - 35% - 1:31
PK Forward
1 - 82% - 65% - 8:06
2 - 18% - 35% - 1:48
PK Defense
1 - 58% - 60% - 5:43
2 - 42% - 40% - 4:11
PK3 Forward
1 - 0% - 60%
2 - 0% - 40%
PK3 Defense
1 - 0% - 60%
2 - 0% - 40%
44 Forward
1 - 0% - 60%
2 - 0% - 40%
44 Defense
1 - 0% - 60%
2 - 0% - 40%
Last Minute Offensive  - 0:00
Last Minute Defensive  - 0:00
Total
Forward - 60:00
Defense - 60:00

Play-by-Play

1st period


0:01 of 1st period - Roope Hintz wins face-off versus Auston Matthews in neutral zone.
1:15 of 1st period - Shot by Mark Scheifele.
1:15 of 1st period - Shot Misses the Net.
1:17 of 1st period - Shot by Ryan Nugent-Hopkins.
1:17 of 1st period - Stopped by Marc-Andre Fleury without a rebound.
1:18 of 1st period - Frederick Gaudreau wins face-off versus Jack Roslovic in ST. LOUIS Blues zone.
1:23 of 1st period - Shot by Michael Bunting.
1:23 of 1st period - Shot Blocked by Oscar Klefbom.
1:52 of 1st period - Shot by Jack Roslovic.
1:52 of 1st period - Shot Misses the Net.
1:54 of 1st period - Shot by Jack Roslovic.
1:54 of 1st period - Stopped by Andrei Vasilevskiy without a rebound.
1:55 of 1st period - Erik Haula wins face-off versus Mark Scheifele in ARIZONA Coyotes zone.
2:36 of 1st period - Ryan Nugent-Hopkins is hit by Erik Brannstrom and loses puck.
2:45 of 1st period - Alec Martinez is hit by Erik Haula and loses puck.
3:24 of 1st period - Shot by Roman Josi.
3:24 of 1st period - Stopped by Marc-Andre Fleury with a rebound.
3:26 of 1st period - Shot by Roman Josi.
3:26 of 1st period - Shot Misses the Net.
3:28 of 1st period - Shot by Auston Matthews.
3:28 of 1st period - Stopped by Marc-Andre Fleury with a rebound.
3:30 of 1st period - Shot by Sam Reinhart.
3:30 of 1st period - Shot Misses the Net.
3:32 of 1st period - Shot by Sam Reinhart.
3:32 of 1st period - Shot Blocked by Damon Severson.
3:34 of 1st period - Shot by Vladislav Gavrikov.
3:34 of 1st period - Shot Misses the Net.
3:35 of 1st period - Minor Penalty to Damon Severson for Holding.
3:36 of 1st period - Roope Hintz wins face-off versus Auston Matthews in ST. LOUIS Blues zone.
3:53 of 1st period - Icing by Sam Reinhart.
3:54 of 1st period - Auston Matthews wins face-off versus Roope Hintz in ARIZONA Coyotes zone.
4:29 of 1st period - Shot by Erik Haula.
4:29 of 1st period - Stopped by Andrei Vasilevskiy without a rebound.
4:30 of 1st period - Erik Haula wins face-off versus Mark Scheifele in ARIZONA Coyotes zone.
4:57 of 1st period - Shot by Ryan Nugent-Hopkins.
4:57 of 1st period - Goal by Ryan Nugent-Hopkins - ST. LOUIS Blues : 0 - ARIZONA Coyotes : 1.
4:58 of 1st period - Jack Roslovic wins face-off versus Brandon Sutter in neutral zone.
5:58 of 1st period - Shot by Roope Hintz.
5:58 of 1st period - Shot Blocked by Brandon Sutter.
6:20 of 1st period - Shot by Calle Jarnkrok.
6:20 of 1st period - Deflect By Roope Hintz.
6:20 of 1st period - Shot Misses the Net.
6:22 of 1st period - Shot by Damon Severson.
6:22 of 1st period - Deflect By Roope Hintz.
6:22 of 1st period - Shot Hit the Post.
6:24 of 1st period - Shot by Roope Hintz.
6:24 of 1st period - Goal by Roope Hintz - ST. LOUIS Blues : 1 - ARIZONA Coyotes : 1.
6:25 of 1st period - Auston Matthews wins face-off versus Erik Haula in neutral zone.
6:33 of 1st period - Icing by Colin Miller.
6:34 of 1st period - Artemi Panarin wins face-off versus Erik Haula in ST. LOUIS Blues zone.
7:00 of 1st period - Shot by Oliver Bjorkstrand.
7:00 of 1st period - Goal by Oliver Bjorkstrand - ST. LOUIS Blues : 2 - ARIZONA Coyotes : 1.
7:01 of 1st period - Roope Hintz wins face-off versus Mark Scheifele in neutral zone.
7:01 of 1st period - Roope Hintz is hit by Ryan Nugent-Hopkins.
7:18 of 1st period - Rickard Rakell is hit by Jonathan Marchessault and loses puck.
7:33 of 1st period - Minor Penalty to Damon Severson for Cross-checking.
7:34 of 1st period - Auston Matthews wins face-off versus Roope Hintz in ST. LOUIS Blues zone.
7:35 of 1st period - Shot by Ryan Nugent-Hopkins.
7:35 of 1st period - Stopped by Marc-Andre Fleury without a rebound.
7:36 of 1st period - Roope Hintz wins face-off versus Auston Matthews in ST. LOUIS Blues zone.
8:15 of 1st period - Shot by Roman Josi.
8:15 of 1st period - Shot Misses the Net.
8:17 of 1st period - Shot by Roman Josi.
8:17 of 1st period - Stopped by Marc-Andre Fleury without a rebound.
8:18 of 1st period - Roope Hintz wins face-off versus Mark Scheifele in ST. LOUIS Blues zone.
8:18 of 1st period - Roope Hintz is hit by Rickard Rakell.
9:00 of 1st period - Shot by Vladislav Gavrikov.
9:00 of 1st period - Shot Misses the Net.
9:02 of 1st period - Shot by Vladislav Gavrikov.
9:02 of 1st period - Shot Misses the Net.
9:41 of 1st period - Shot by Evgeny Kuznetsov.
9:41 of 1st period - Stopped by Andrei Vasilevskiy without a rebound.
9:42 of 1st period - Evgeny Kuznetsov wins face-off versus Brandon Sutter in ARIZONA Coyotes zone.
10:41 of 1st period - Icing by Brandon Tanev.
10:42 of 1st period - Evgeny Kuznetsov wins face-off versus Mark Scheifele in ST. LOUIS Blues zone.
10:44 of 1st period - Icing by Brandon Tanev.
10:45 of 1st period - Evgeny Kuznetsov wins face-off versus Auston Matthews in ST. LOUIS Blues zone.
11:13 of 1st period - Shot by Sam Reinhart.
11:13 of 1st period - Shot Misses the Net.
11:15 of 1st period - Shot by Artemi Panarin.
11:15 of 1st period - Stopped by Marc-Andre Fleury without a rebound.
11:16 of 1st period - Erik Haula wins face-off versus Mark Scheifele in ST. LOUIS Blues zone.
11:16 of 1st period - Erik Haula is hit by Ryan Nugent-Hopkins.
12:07 of 1st period - Icing by Erik Haula.
12:08 of 1st period - Erik Haula wins face-off versus Auston Matthews in ST. LOUIS Blues zone.
12:08 of 1st period - Erik Haula is hit by Artemi Panarin.
12:18 of 1st period - Shot by Artemi Panarin.
12:18 of 1st period - Shot Misses the Net.
12:20 of 1st period - Shot by Vladislav Gavrikov.
12:20 of 1st period - Goal by Vladislav Gavrikov - ST. LOUIS Blues : 2 - ARIZONA Coyotes : 2.
12:21 of 1st period - Frederick Gaudreau wins face-off versus Roope Hintz in neutral zone.
12:45 of 1st period - Erik Karlsson is hit by Michael Bunting and loses puck.
12:51 of 1st period - Calle Jarnkrok is hit by Jonas Siegenthaler and loses puck.
12:54 of 1st period - Shot by Jonathan Marchessault.
12:54 of 1st period - Shot Misses the Net.
12:55 of 1st period - Minor Penalty to Alec Martinez for Tripping.
12:56 of 1st period - Brandon Sutter wins face-off versus Roope Hintz in ARIZONA Coyotes zone.
13:44 of 1st period - Off-side.
13:45 of 1st period - Brandon Sutter wins face-off versus Erik Haula in neutral zone.
13:45 of 1st period - Brandon Sutter is hit by Brandon Tanev.
13:56 of 1st period - Icing by Erik Karlsson.
13:57 of 1st period - Brandon Sutter wins face-off versus Erik Haula in ST. LOUIS Blues zone.
14:06 of 1st period - Shot by Gustav Forsling.
14:06 of 1st period - Stopped by Andrei Vasilevskiy with a rebound.
14:08 of 1st period - Shot by Brandon Tanev.
14:08 of 1st period - Deflect By Oliver Bjorkstrand.
14:08 of 1st period - Stopped by Andrei Vasilevskiy without a rebound.
14:09 of 1st period - Brandon Sutter wins face-off versus Roope Hintz in ARIZONA Coyotes zone.
14:39 of 1st period - Shot by Erik Gustafsson.
14:39 of 1st period - Stopped by Andrei Vasilevskiy without a rebound.
14:40 of 1st period - Erik Haula wins face-off versus Frederick Gaudreau in ARIZONA Coyotes zone.
14:53 of 1st period - Shot by Erik Haula.
14:53 of 1st period - Goal by Erik Haula - ST. LOUIS Blues : 3 - ARIZONA Coyotes : 2.
14:54 of 1st period - Jack Roslovic wins face-off versus Auston Matthews in neutral zone.
15:09 of 1st period - Shot by Marcus Johansson.
15:09 of 1st period - Stopped by Andrei Vasilevskiy without a rebound.
15:10 of 1st period - Frederick Gaudreau wins face-off versus Erik Haula in ARIZONA Coyotes zone.
15:12 of 1st period - Icing by Roman Josi.
15:13 of 1st period - Oliver Bjorkstrand wins face-off versus Frederick Gaudreau in ARIZONA Coyotes zone.
15:24 of 1st period - Shot by Ryan Hartman.
15:24 of 1st period - Stopped by Marc-Andre Fleury without a rebound.
15:25 of 1st period - Auston Matthews wins face-off versus Roope Hintz in ST. LOUIS Blues zone.
15:25 of 1st period - Auston Matthews is hit by Erik Karlsson.
15:32 of 1st period - Icing by Gustav Forsling.
15:33 of 1st period - Roope Hintz wins face-off versus Auston Matthews in ST. LOUIS Blues zone.
15:33 of 1st period - Roope Hintz is hit by Artemi Panarin.
15:42 of 1st period - Gustav Forsling is hit by Roman Josi and loses puck.
15:54 of 1st period - Shot by Roope Hintz.
15:54 of 1st period - Shot Misses the Net.
15:56 of 1st period - Shot by Jonathan Marchessault.
15:56 of 1st period - Goal by Jonathan Marchessault - ST. LOUIS Blues : 4 - ARIZONA Coyotes : 2.
15:57 of 1st period - Mark Scheifele wins face-off versus Erik Haula in neutral zone.
16:28 of 1st period - Mikey Anderson is hit by Oliver Bjorkstrand and loses puck.
16:38 of 1st period - Shot by Damon Severson.
16:38 of 1st period - Shot Misses the Net.
16:40 of 1st period - Shot by Erik Gustafsson.
16:40 of 1st period - Shot Misses the Net.
16:52 of 1st period - Icing by Roope Hintz.
16:53 of 1st period - Auston Matthews wins face-off versus Roope Hintz in ST. LOUIS Blues zone.
17:24 of 1st period - Shot by Sam Reinhart.
17:24 of 1st period - Shot Misses the Net.
17:55 of 1st period - Icing by Jonas Siegenthaler.
17:56 of 1st period - Erik Haula wins face-off versus Frederick Gaudreau in ARIZONA Coyotes zone.
18:24 of 1st period - Shot by Erik Haula.
18:24 of 1st period - Stopped by Andrei Vasilevskiy with a rebound.
18:26 of 1st period - Shot by Brandon Tanev.
18:26 of 1st period - Stopped by Andrei Vasilevskiy with a rebound.
18:28 of 1st period - Shot by Erik Haula.
18:28 of 1st period - Stopped by Andrei Vasilevskiy without a rebound.
18:29 of 1st period - Mark Scheifele wins face-off versus Jack Roslovic in ARIZONA Coyotes zone.
18:52 of 1st period - Shot by Mark Scheifele.
18:52 of 1st period - Stopped by Marc-Andre Fleury with a rebound.
18:54 of 1st period - Shot by Ryan Nugent-Hopkins.
18:54 of 1st period - Shot Misses the Net.
18:56 of 1st period - Shot by Mikey Anderson.
18:56 of 1st period - Shot Blocked by Marcus Johansson.
18:58 of 1st period - Shot by Mikey Anderson.
18:58 of 1st period - Stopped by Marc-Andre Fleury without a rebound.
18:59 of 1st period - Erik Haula wins face-off versus Auston Matthews in ST. LOUIS Blues zone.
18:59 of 1st period - Erik Haula is hit by Auston Matthews.
Goals for this period are 4 for ST. LOUIS Blues vs 2 for ARIZONA Coyotes.
Shots for this period are 14 for ST. LOUIS Blues vs 11 for ARIZONA Coyotes.

2nd period


0:01 of 2nd period - Auston Matthews wins face-off versus Evgeny Kuznetsov in neutral zone.
0:06 of 2nd period - Shot by Artemi Panarin.
0:06 of 2nd period - Shot Misses the Net.
0:19 of 2nd period - Off-side.
0:20 of 2nd period - Mark Scheifele wins face-off versus Roope Hintz in neutral zone.
0:32 of 2nd period - Shot by Alec Martinez.
0:32 of 2nd period - Stopped by Marc-Andre Fleury with a rebound.
0:34 of 2nd period - Shot by Alec Martinez.
0:34 of 2nd period - Stopped by Marc-Andre Fleury without a rebound.
0:35 of 2nd period - Evgeny Kuznetsov wins face-off versus Auston Matthews in ST. LOUIS Blues zone.
0:35 of 2nd period - Jack Roslovic is hit by Auston Matthews and loses puck.
1:13 of 2nd period - Icing by Gustav Forsling.
1:14 of 2nd period - Mark Scheifele wins face-off versus Evgeny Kuznetsov in ST. LOUIS Blues zone.
1:23 of 2nd period - Shot by Brandon Tanev.
1:23 of 2nd period - Shot Misses the Net.
1:25 of 2nd period - Shot by Gustav Forsling.
1:25 of 2nd period - Shot Misses the Net.
1:59 of 2nd period - Shot by Roope Hintz.
1:59 of 2nd period - Shot Misses the Net.
2:09 of 2nd period - Shot by Jonathan Marchessault.
2:09 of 2nd period - Shot Misses the Net.
2:51 of 2nd period - Shot by Auston Matthews.
2:51 of 2nd period - Deflect By Sam Reinhart.
2:51 of 2nd period - Shot Misses the Net.
3:01 of 2nd period - Shot by Auston Matthews.
3:01 of 2nd period - Stopped by Marc-Andre Fleury with a rebound.
3:03 of 2nd period - Shot by Vladislav Gavrikov.
3:03 of 2nd period - Stopped by Marc-Andre Fleury without a rebound.
3:04 of 2nd period - Jack Roslovic wins face-off versus Frederick Gaudreau in ST. LOUIS Blues zone.
3:14 of 2nd period - Shot by Erik Karlsson.
3:14 of 2nd period - Shot Misses the Net.
3:16 of 2nd period - Shot by Kevin Labanc.
3:16 of 2nd period - Shot Misses the Net.
3:18 of 2nd period - Shot by Jack Roslovic.
3:18 of 2nd period - Goal by Jack Roslovic - ST. LOUIS Blues : 5 - ARIZONA Coyotes : 2.
3:18 of 2nd period - Kevin Lankinen enters game.
3:19 of 2nd period - Roope Hintz wins face-off versus Brandon Sutter in neutral zone.
3:26 of 2nd period - Shot by Jonathan Marchessault.
3:26 of 2nd period - Shot Misses the Net.
3:38 of 2nd period - Shot by Pierre-Edouard Bellemare.
3:38 of 2nd period - Stopped by Marc-Andre Fleury without a rebound.
3:39 of 2nd period - Jack Roslovic wins face-off versus Auston Matthews in ST. LOUIS Blues zone.
3:39 of 2nd period - Jack Roslovic is hit by Auston Matthews.
4:07 of 2nd period - Shot by Sam Reinhart.
4:07 of 2nd period - Shot Misses the Net.
4:13 of 2nd period - Shot by Artemi Panarin.
4:13 of 2nd period - Shot Misses the Net.
4:19 of 2nd period - Shot by Artemi Panarin.
4:19 of 2nd period - Shot Misses the Net.
4:21 of 2nd period - Shot by Scott Mayfield.
4:21 of 2nd period - Stopped by Marc-Andre Fleury without a rebound.
4:22 of 2nd period - Mark Scheifele wins face-off versus Erik Haula in ST. LOUIS Blues zone.
4:22 of 2nd period - Mark Scheifele is hit by Colin Miller.
5:32 of 2nd period - Icing by Vladislav Gavrikov.
5:33 of 2nd period - Rickard Rakell wins face-off versus Jack Roslovic in ARIZONA Coyotes zone.
5:33 of 2nd period - Rickard Rakell is hit by Kevin Labanc.
5:51 of 2nd period - Shot by Marcus Johansson.
5:51 of 2nd period - Stopped by Kevin Lankinen with a rebound.
5:53 of 2nd period - Shot by Marcus Johansson.
5:53 of 2nd period - Stopped by Kevin Lankinen without a rebound.
5:54 of 2nd period - Roope Hintz wins face-off versus Auston Matthews in ARIZONA Coyotes zone.
5:57 of 2nd period - Shot by Jonathan Marchessault.
5:57 of 2nd period - Deflect By Roope Hintz.
5:57 of 2nd period - Stopped by Kevin Lankinen without a rebound.
5:58 of 2nd period - Auston Matthews wins face-off versus Roope Hintz in ARIZONA Coyotes zone.
6:11 of 2nd period - Off-side.
6:12 of 2nd period - Erik Haula wins face-off versus Frederick Gaudreau in neutral zone.
6:14 of 2nd period - Damon Severson is hit by Scott Mayfield and loses puck.
6:15 of 2nd period - Minor Penalty to Mikey Anderson for High sticking.
6:16 of 2nd period - Brandon Sutter wins face-off versus Roope Hintz in ARIZONA Coyotes zone.
6:27 of 2nd period - Shot by Gustav Forsling.
6:27 of 2nd period - Shot Misses the Net.
6:33 of 2nd period - Shot by Gustav Forsling.
6:33 of 2nd period - Stopped by Kevin Lankinen with a rebound.
6:35 of 2nd period - Shot by Gustav Forsling.
6:35 of 2nd period - Shot Misses the Net.
6:37 of 2nd period - Shot by Roope Hintz.
6:37 of 2nd period - Shot Misses the Net.
6:39 of 2nd period - Shot by Gustav Forsling.
6:39 of 2nd period - Shot Misses the Net.
6:41 of 2nd period - Shot by Gustav Forsling.
6:41 of 2nd period - Stopped by Kevin Lankinen without a rebound.
6:42 of 2nd period - Brandon Sutter wins face-off versus Erik Haula in ARIZONA Coyotes zone.
7:22 of 2nd period - Shot by Erik Haula.
7:22 of 2nd period - Shot Misses the Net.
7:48 of 2nd period - Shot by Erik Karlsson.
7:48 of 2nd period - Shot Blocked by Alec Martinez.
7:50 of 2nd period - Shot by Jonathan Marchessault.
7:50 of 2nd period - Stopped by Kevin Lankinen without a rebound.
7:51 of 2nd period - Brandon Sutter wins face-off versus Roope Hintz in ARIZONA Coyotes zone.
8:13 of 2nd period - Shot by Erik Karlsson.
8:13 of 2nd period - Shot Misses the Net.
8:35 of 2nd period - Shot by Artemi Panarin.
8:35 of 2nd period - Stopped by Marc-Andre Fleury without a rebound.
8:36 of 2nd period - Erik Haula wins face-off versus Frederick Gaudreau in ST. LOUIS Blues zone.
10:10 of 2nd period - Shot by Roope Hintz.
10:10 of 2nd period - Stopped by Kevin Lankinen with a rebound.
10:53 of 2nd period - Jack Roslovic is hit by Vladislav Gavrikov and loses puck.
11:16 of 2nd period - Shot by Ryan Nugent-Hopkins.
11:16 of 2nd period - Deflect By Mark Scheifele.
11:16 of 2nd period - Stopped by Marc-Andre Fleury without a rebound.
11:17 of 2nd period - Erik Haula wins face-off versus Frederick Gaudreau in ST. LOUIS Blues zone.
11:34 of 2nd period - Shot by Ryan Hartman.
11:34 of 2nd period - Shot Misses the Net.
11:38 of 2nd period - Shot by Frederick Gaudreau.
11:38 of 2nd period - Stopped by Marc-Andre Fleury with a rebound.
11:44 of 2nd period - Shot by Frederick Gaudreau.
11:44 of 2nd period - Shot Blocked by Damon Severson.
12:36 of 2nd period - Shot by Roman Josi.
12:36 of 2nd period - Stopped by Marc-Andre Fleury without a rebound.
12:37 of 2nd period - Auston Matthews wins face-off versus Jack Roslovic in ST. LOUIS Blues zone.
12:37 of 2nd period - Jonas Siegenthaler is hit by Colin Miller and loses puck.
12:47 of 2nd period - Artemi Panarin is hit by Colin Miller.
12:49 of 2nd period - Shot by Auston Matthews.
12:49 of 2nd period - Shot Misses the Net.
12:51 of 2nd period - Shot by Jonas Siegenthaler.
12:51 of 2nd period - Deflect By Auston Matthews.
12:51 of 2nd period - Shot Misses the Net.
13:12 of 2nd period - Auston Matthews is hit by Oscar Klefbom and loses puck.
13:20 of 2nd period - Minor Penalty to Artemi Panarin for Roughing.
13:21 of 2nd period - Roope Hintz wins face-off versus Brandon Sutter in ARIZONA Coyotes zone.
13:22 of 2nd period - Shot by Gustav Forsling.
13:22 of 2nd period - Shot Blocked by Vladislav Gavrikov.
13:44 of 2nd period - Shot by Roope Hintz.
13:44 of 2nd period - Shot Misses the Net.
13:58 of 2nd period - Shot by Gustav Forsling.
13:58 of 2nd period - Stopped by Kevin Lankinen without a rebound.
13:59 of 2nd period - Brandon Sutter wins face-off versus Erik Haula in ARIZONA Coyotes zone.
15:21 of 2nd period - Shot by Roope Hintz.
15:21 of 2nd period - Shot Misses the Net.
15:41 of 2nd period - Shot by Michael Bunting.
15:41 of 2nd period - Stopped by Marc-Andre Fleury without a rebound.
15:42 of 2nd period - Evgeny Kuznetsov wins face-off versus Auston Matthews in ST. LOUIS Blues zone.
15:42 of 2nd period - Evgeny Kuznetsov is hit by Artemi Panarin.
15:51 of 2nd period - Icing by Roman Josi.
15:52 of 2nd period - Jonathan Marchessault wins face-off versus Auston Matthews in ARIZONA Coyotes zone.
15:52 of 2nd period - Jonathan Marchessault is hit by Roman Josi.
16:00 of 2nd period - Shot by Calle Jarnkrok.
16:00 of 2nd period - Shot Blocked by Vladislav Gavrikov.
16:02 of 2nd period - Shot by Roope Hintz.
16:02 of 2nd period - Stopped by Kevin Lankinen with a rebound.
16:08 of 2nd period - Shot by Roope Hintz.
16:08 of 2nd period - Shot Misses the Net.
16:23 of 2nd period - Shot by Jonathan Marchessault.
16:23 of 2nd period - Shot Hit the Post.
16:25 of 2nd period - Shot by Calle Jarnkrok.
16:25 of 2nd period - Shot Blocked by Artemi Panarin.
18:02 of 2nd period - Jonas Siegenthaler is hit by Damon Severson and loses puck.
18:27 of 2nd period - Oscar Klefbom is hit by Ryan Nugent-Hopkins and loses puck.
18:43 of 2nd period - Icing by Oscar Klefbom.
18:44 of 2nd period - Jack Roslovic wins face-off versus Auston Matthews in ST. LOUIS Blues zone.
18:58 of 2nd period - Shot by Kevin Labanc.
18:58 of 2nd period - Stopped by Kevin Lankinen without a rebound.
18:59 of 2nd period - Erik Haula wins face-off versus Frederick Gaudreau in ARIZONA Coyotes zone.
19:13 of 2nd period - Shot by Frederick Gaudreau.
19:13 of 2nd period - Shot Misses the Net.
19:15 of 2nd period - Shot by Roman Josi.
19:15 of 2nd period - Stopped by Marc-Andre Fleury without a rebound.
19:16 of 2nd period - Auston Matthews wins face-off versus Roope Hintz in ST. LOUIS Blues zone.
19:20 of 2nd period - Sam Reinhart is hit by Erik Gustafsson and loses puck.
19:32 of 2nd period - Minor Penalty to Sam Reinhart for Interference.
19:33 of 2nd period - Brandon Sutter wins face-off versus Erik Haula in ARIZONA Coyotes zone.
Goals for this period are 1 for ST. LOUIS Blues vs 0 for ARIZONA Coyotes.
Shots for this period are 11 for ST. LOUIS Blues vs 12 for ARIZONA Coyotes.

3rd period


0:01 of 3rd period - Brandon Sutter wins face-off versus Roope Hintz in neutral zone.
0:24 of 3rd period - Jonas Siegenthaler is hit by Roope Hintz and loses puck.
0:41 of 3rd period - Shot by Erik Karlsson.
0:41 of 3rd period - Stopped by Kevin Lankinen without a rebound.
0:42 of 3rd period - Brandon Sutter wins face-off versus Brandon Tanev in ARIZONA Coyotes zone.
0:53 of 3rd period - Shot by Ryan Nugent-Hopkins.
0:53 of 3rd period - Stopped by Marc-Andre Fleury with a rebound.
0:56 of 3rd period - Icing by Damon Severson.
0:57 of 3rd period - Erik Haula wins face-off versus Brandon Sutter in ST. LOUIS Blues zone.
2:03 of 3rd period - Shot by Jonathan Marchessault.
2:03 of 3rd period - Stopped by Kevin Lankinen without a rebound.
2:04 of 3rd period - Frederick Gaudreau wins face-off versus Jack Roslovic in ARIZONA Coyotes zone.
2:27 of 3rd period - Shot by Frederick Gaudreau.
2:27 of 3rd period - Shot Misses the Net.
2:29 of 3rd period - Shot by Ryan Hartman.
2:29 of 3rd period - Stopped by Marc-Andre Fleury without a rebound.
2:30 of 3rd period - Auston Matthews wins face-off versus Erik Haula in ST. LOUIS Blues zone.
2:30 of 3rd period - Auston Matthews is hit by Gustav Forsling.
2:40 of 3rd period - Shot by Auston Matthews.
2:40 of 3rd period - Stopped by Marc-Andre Fleury without a rebound.
2:41 of 3rd period - Mark Scheifele wins face-off versus Roope Hintz in ST. LOUIS Blues zone.
2:46 of 3rd period - Shot by Mark Scheifele.
2:46 of 3rd period - Stopped by Marc-Andre Fleury without a rebound.
2:47 of 3rd period - Mark Scheifele wins face-off versus Roope Hintz in ST. LOUIS Blues zone.
2:47 of 3rd period - Mark Scheifele is hit by Erik Karlsson.
2:51 of 3rd period - Shot by Roman Josi.
2:51 of 3rd period - Stopped by Marc-Andre Fleury without a rebound.
2:52 of 3rd period - Jonathan Marchessault wins face-off versus Mark Scheifele in ST. LOUIS Blues zone.
2:52 of 3rd period - Jonathan Marchessault is hit by Ryan Nugent-Hopkins.
3:01 of 3rd period - Roope Hintz is hit by Roman Josi and loses puck.
3:49 of 3rd period - Mark Scheifele is hit by Brandon Tanev and loses puck.
4:17 of 3rd period - Icing by Damon Severson.
4:18 of 3rd period - Frederick Gaudreau wins face-off versus Erik Haula in ST. LOUIS Blues zone.
4:21 of 3rd period - Shot by Michael Bunting.
4:21 of 3rd period - Shot Blocked by Erik Gustafsson.
4:24 of 3rd period - Icing by Erik Gustafsson.
4:25 of 3rd period - Erik Haula wins face-off versus Artemi Panarin in ST. LOUIS Blues zone.
4:33 of 3rd period - Icing by Damon Severson.
4:34 of 3rd period - Erik Haula wins face-off versus Auston Matthews in ST. LOUIS Blues zone.
4:53 of 3rd period - Erik Haula is hit by Alec Martinez and loses puck.
5:34 of 3rd period - Shot by Roope Hintz.
5:34 of 3rd period - Stopped by Kevin Lankinen without a rebound.
5:35 of 3rd period - Jack Roslovic wins face-off versus Mark Scheifele in ARIZONA Coyotes zone.
5:46 of 3rd period - Shot by Jack Roslovic.
5:46 of 3rd period - Stopped by Kevin Lankinen without a rebound.
5:47 of 3rd period - Evgeny Kuznetsov wins face-off versus Frederick Gaudreau in ARIZONA Coyotes zone.
6:10 of 3rd period - Shot by Brandon Tanev.
6:10 of 3rd period - Stopped by Kevin Lankinen without a rebound.
6:11 of 3rd period - Mark Scheifele wins face-off versus Roope Hintz in ARIZONA Coyotes zone.
6:31 of 3rd period - Off-side.
6:32 of 3rd period - Auston Matthews wins face-off versus Jack Roslovic in neutral zone.
6:40 of 3rd period - Shot by Artemi Panarin.
6:40 of 3rd period - Stopped by Marc-Andre Fleury without a rebound.
6:41 of 3rd period - Erik Haula wins face-off versus Mark Scheifele in ST. LOUIS Blues zone.
7:02 of 3rd period - Shot by Erik Haula.
7:02 of 3rd period - Stopped by Kevin Lankinen with a rebound.
7:04 of 3rd period - Shot by Oliver Bjorkstrand.
7:04 of 3rd period - Shot Blocked by Roman Josi.
7:20 of 3rd period - Shot by Oliver Bjorkstrand.
7:20 of 3rd period - Shot Misses the Net.
7:22 of 3rd period - Shot by Erik Haula.
7:22 of 3rd period - Stopped by Kevin Lankinen without a rebound.
7:23 of 3rd period - Auston Matthews wins face-off versus Roope Hintz in ARIZONA Coyotes zone.
7:28 of 3rd period - Shot by Artemi Panarin.
7:28 of 3rd period - Shot Misses the Net.
7:30 of 3rd period - Shot by Scott Mayfield.
7:30 of 3rd period - Shot Misses the Net.
7:38 of 3rd period - Shot by Sam Reinhart.
7:38 of 3rd period - Stopped by Marc-Andre Fleury without a rebound.
7:39 of 3rd period - Frederick Gaudreau wins face-off versus Jack Roslovic in ST. LOUIS Blues zone.
7:47 of 3rd period - Michael Bunting is hit by Colin Miller and loses puck.
7:58 of 3rd period - Shot by Ryan Hartman.
7:58 of 3rd period - Shot Misses the Net.
8:00 of 3rd period - Shot by Alec Martinez.
8:00 of 3rd period - Stopped by Marc-Andre Fleury without a rebound.
8:01 of 3rd period - Roope Hintz wins face-off versus Auston Matthews in ST. LOUIS Blues zone.
8:05 of 3rd period - Off-side.
8:06 of 3rd period - Auston Matthews wins face-off versus Roope Hintz in neutral zone.
8:13 of 3rd period - Shot by Artemi Panarin.
8:13 of 3rd period - Shot Blocked by Calle Jarnkrok.
8:15 of 3rd period - Shot by Sam Reinhart.
8:15 of 3rd period - Stopped by Marc-Andre Fleury with a rebound.
8:34 of 3rd period - Shot by Sam Reinhart.
8:34 of 3rd period - Stopped by Marc-Andre Fleury without a rebound.
8:35 of 3rd period - Mark Scheifele wins face-off versus Evgeny Kuznetsov in ST. LOUIS Blues zone.
8:35 of 3rd period - Rickard Rakell is hit by Damon Severson and loses puck.
8:41 of 3rd period - Icing by Evgeny Kuznetsov.
8:42 of 3rd period - Evgeny Kuznetsov wins face-off versus Mark Scheifele in ST. LOUIS Blues zone.
8:42 of 3rd period - Damon Severson is hit by Mark Scheifele and loses puck.
9:26 of 3rd period - Off-side.
9:27 of 3rd period - Auston Matthews wins face-off versus Roope Hintz in neutral zone.
10:03 of 3rd period - Shot by Roope Hintz.
10:03 of 3rd period - Stopped by Kevin Lankinen without a rebound.
10:04 of 3rd period - Frederick Gaudreau wins face-off versus Erik Haula in ARIZONA Coyotes zone.
10:10 of 3rd period - Shot by Colin Miller.
10:10 of 3rd period - Deflect By Oliver Bjorkstrand.
10:10 of 3rd period - Stopped by Kevin Lankinen without a rebound.
10:11 of 3rd period - Mark Scheifele wins face-off versus Jack Roslovic in ARIZONA Coyotes zone.
10:11 of 3rd period - Mark Scheifele is hit by Kevin Labanc.
11:25 of 3rd period - Shot by Vladislav Gavrikov.
11:25 of 3rd period - Shot Blocked by Erik Karlsson.
11:27 of 3rd period - Shot by Sam Reinhart.
11:27 of 3rd period - Stopped by Marc-Andre Fleury without a rebound.
11:28 of 3rd period - Frederick Gaudreau wins face-off versus Roope Hintz in ST. LOUIS Blues zone.
11:43 of 3rd period - Shot by Michael Bunting.
11:43 of 3rd period - Shot Misses the Net.
11:45 of 3rd period - Shot by Ryan Hartman.
11:45 of 3rd period - Goal by Ryan Hartman - ST. LOUIS Blues : 5 - ARIZONA Coyotes : 3.
11:46 of 3rd period - Erik Haula wins face-off versus Auston Matthews in neutral zone.
12:11 of 3rd period - Shot by Artemi Panarin.
12:11 of 3rd period - Shot Blocked by Gustav Forsling.
12:13 of 3rd period - Shot by Roman Josi.
12:13 of 3rd period - Shot Blocked by Brandon Tanev.
13:57 of 3rd period - Minor Penalty to Jonas Siegenthaler for Hooking.
13:58 of 3rd period - Brandon Sutter wins face-off versus Erik Haula in ARIZONA Coyotes zone.
14:24 of 3rd period - Shot by Gustav Forsling.
14:24 of 3rd period - Shot Blocked by Alec Martinez.
14:26 of 3rd period - Shot by Erik Haula.
14:26 of 3rd period - Stopped by Kevin Lankinen without a rebound.
14:27 of 3rd period - Brandon Sutter wins face-off versus Roope Hintz in ARIZONA Coyotes zone.
14:48 of 3rd period - Shot by Erik Gustafsson.
14:48 of 3rd period - Stopped by Kevin Lankinen without a rebound.
14:49 of 3rd period - Brandon Sutter wins face-off versus Roope Hintz in ARIZONA Coyotes zone.
14:49 of 3rd period - Brandon Sutter is hit by Jonathan Marchessault.
15:03 of 3rd period - Shot by Roope Hintz.
15:03 of 3rd period - Stopped by Kevin Lankinen without a rebound.
15:04 of 3rd period - Erik Haula wins face-off versus Brandon Sutter in ARIZONA Coyotes zone.
15:51 of 3rd period - Alec Martinez is hit by Brandon Tanev.
16:04 of 3rd period - Jonas Siegenthaler is hit by Jonathan Marchessault and loses puck.
16:31 of 3rd period - Shot by Roope Hintz.
16:31 of 3rd period - Shot Misses the Net.
16:33 of 3rd period - Shot by Calle Jarnkrok.
16:33 of 3rd period - Shot Misses the Net.
16:35 of 3rd period - Shot by Roope Hintz.
16:35 of 3rd period - Deflect By Jonathan Marchessault.
16:35 of 3rd period - Stopped by Kevin Lankinen without a rebound.
16:36 of 3rd period - Frederick Gaudreau wins face-off versus Jack Roslovic in ARIZONA Coyotes zone.
16:36 of 3rd period - Frederick Gaudreau is hit by Marcus Johansson.
16:41 of 3rd period - Ryan Hartman is hit by Kevin Labanc and loses puck.
17:18 of 3rd period - Frederick Gaudreau is hit by Marcus Johansson.
17:23 of 3rd period - Icing by Vladislav Gavrikov.
17:24 of 3rd period - Erik Haula wins face-off versus Frederick Gaudreau in ARIZONA Coyotes zone.
17:38 of 3rd period - Icing by Gustav Forsling.
17:39 of 3rd period - Mark Scheifele wins face-off versus Oliver Bjorkstrand in ST. LOUIS Blues zone.
17:40 of 3rd period - Shot by Rickard Rakell.
17:40 of 3rd period - Deflect By Mark Scheifele.
17:40 of 3rd period - Stopped by Marc-Andre Fleury without a rebound.
17:41 of 3rd period - Erik Haula wins face-off versus Mark Scheifele in ST. LOUIS Blues zone.
18:19 of 3rd period - Erik Karlsson is hit by Ryan Nugent-Hopkins and loses puck.
19:01 of 3rd period - Shot by Calle Jarnkrok.
19:01 of 3rd period - Deflect By Roope Hintz.
19:01 of 3rd period - Shot Misses the Net.
19:15 of 3rd period - Shot by Jonathan Marchessault.
19:15 of 3rd period - Shot Misses the Net.
19:40 of 3rd period - Icing by Marcus Johansson.
19:41 of 3rd period - Jack Roslovic wins face-off versus Frederick Gaudreau in ST. LOUIS Blues zone.
19:41 of 3rd period - Jack Roslovic is hit by Michael Bunting.
19:56 of 3rd period - Ryan Hartman is hit by Colin Miller and loses puck.
Goals for this period are 0 for ST. LOUIS Blues vs 1 for ARIZONA Coyotes.
Shots for this period are 13 for ST. LOUIS Blues vs 13 for ARIZONA Coyotes. Output by the SimonT Hockey Simulator (STHS) for Martin Benoit - Original Page W3C HTML5 Valid
Hockey Simulator - Hockey Simulation - Hockey Manager